AoeStats
← 17_Neo_

Arabia

510336847Analyzed
1v1 RM · 21h ago on Sep 30, 2026· 31m 33s· 2 players
Game mode
Random Map
Map size
Tiny (2 player)
Population
200
Speed
Normal
Resources
Standard
Victory
Conquest
Starting age
Dark Age
Ending age
Imperial Age
RankedLock teamsTeams togetherTeam positionsShared explorationLock speedFull tech treeHidden civsTurbo modeCheats
Victory
Defeat
🇭🇰 Wei · Hong Kong SAR China
1757
+16
🇨🇴 Maya · Colombia
1765
-16
漂泊者
5:34 Loom
8:47 Feudal Age
9:22 Double-Bit Axe
9:20 Horse Collar
15:36 Wheelbarrow
18:22 Castle Age
16:44 Gold Mining
17:46 Town Watch
17:55 Stone Mining
19:27 Bow Saw
19:35 Heavy Plow
19:48 Fletching
20:29 Bodkin Arrow
21:18 Elite Skirmisher
22:32 Padded Archer Armor
23:01 Ballistics
25:40 Leather Archer Armor
26:27 Scale Barding Armor
27:13 Bloodlines
28:28 Gold Shaft Mining
29:13 Husbandry
30:51 Stone Shaft Mining
30:54 Chain Barding Armor
31:42 Hand Cart
32:03 Forging
17_Neo_
0:27 Loom
9:38 Feudal Age
10:14 Double-Bit Axe
18:22 Castle Age
16:35 Horse Collar
16:53 Fletching
17:26 Gold Mining
19:02 Bodkin Arrow
20:33 Ballistics
20:16 Padded Archer Armor
20:30 Thumb Ring
22:35 Padded Archer Armor
Connection lost

Rejoining the realm…

Still unreachable

The connection could not be restored.

Session expired

The server has moved on; the page needs a fresh start.